 Dungeon Crawl Stone Soup version 0.30-a0-702-gdf48620a09 (webtiles) character file.

Game seed: 3167640588736564595

121536 tkbsonic5 the Warrior (level 16, -5/151 HPs)
             Began as a Hill Orc Monk on Jan 22, 2023.
             Was an Initiate of Gozag.
             Succumbed to a death drake's dark miasma
             ... on level 3 of the Swamp.
             The game lasted 01:37:25 (28869 turns).

tkbsonic5 the Warrior (Hill Orc Monk)              Turns: 28869, Time: 01:37:25

Health: -5/151     AC: 30    Str: 20 (22) XL:     16   Next: 85%
Magic:  16/16      EV: 12    Int: 10      God:    Gozag
Gold:   385        SH:  5    Dex: 11 (13) Spells: 15/15 levels left

rFire   + . .      SeeInvis .    v - +4 sling (heavy)
rCold   . . .      Faith    .    (no shield)
rNeg    + + .      Spirit   .    k - +6 pearl dragon scales
rPois   .          Reflect  +    F - +1 hat
rElec   .          Harm     .    Q - +2 cloak
rCorr   .          Rampage  .    y - +1 pair of gloves
Will    ++...                    q - +0 pair of boots Stlth
                                 C - amulet of reflection
HPRegen 0.45/turn                B - ring of willpower
MPRegen 0.15/turn                O - ring of positive energy

@: lethally poisoned (-5 -> -51), about to teleport, slowed, very slow
A: deterioration 1, fire resistance 1, no potion heal 1
a: Renounce Religion, Potion Petition, Call Merchant, Bribe Branch


You were on level 3 of the Swamp.
You worshipped Gozag.
Gozag was aware of your devotion.
You visited 4 branches of the dungeon, and saw 25 of its levels.

You collected 9862 gold pieces.
You spent 1715 gold pieces at shops.
You paid 7762 gold pieces to Gozag.

Inventory:

Hand Weapons
 f - a +4 war axe of flaming
 j - the +7 dire flail of Invincibility {heavy, Dex+4}
   (You bought it in a shop on level 5 of the Dungeon)

   Dex:       It affects your dexterity (+4).
 s - the +2 halberd of Annoyance {flame, Int+5 Dex+4}
   (You found it on level 4 of the Lair of Beasts)

   Int:       It affects your intelligence (+5).
   Dex:       It affects your dexterity (+4).
 u - a +0 antimagic flail
 v - a +4 heavy sling (weapon)
Missiles
 i - 6 javelins
 S - 2 atropa-tipped darts
 U - 6 poisoned darts
Armour
 k - +6 pearl dragon scales (worn)
 q - a +0 pair of boots (worn)
 y - a +1 pair of gloves (worn)
 F - a +1 hat (worn)
 L - the +5 scale mail of the Sun {rCorr Dex+3 Stlth-}
   (You found it on level 1 of the Swamp)

   Dex:       It affects your dexterity (+3).
   rCorr:     It protects you from acid and corrosion.
   Stlth:     It makes you less stealthy.
 Q - a +2 cloak (worn)
Jewellery
 a - a ring of protection from fire
 h - a ring of protection from fire
 m - a ring of ice
 p - a ring of protection from fire
 t - a +6 ring of intelligence
 z - a +4 ring of protection
 B - a ring of willpower (left hand)
 C - an amulet of reflection (around neck)
 M - a ring of wizardry
 O - a ring of positive energy (right hand)
 P - a ring of wizardry
Wands
 D - a wand of paralysis (5)
 G - a wand of roots (3)
 T - a wand of polymorph (5)
Scrolls
 d - 18 scrolls of teleportation
 g - a scroll of immolation
 n - 3 scrolls of fog
 x - 14 scrolls of identify
 E - 2 scrolls of brand weapon
 J - 2 scrolls of fear
 N - 2 scrolls of magic mapping
Potions
 c - a potion of magic
 l - 3 potions of brilliance
 A - 2 potions of lignification
Miscellaneous
 o - a box of beasts


   Skills:
 * Level 16.2 Fighting
 - Level 2.0 Short Blades
 - Level 6.8(12.9) Axes
 * Level 14.2(14.6) Maces & Flails
 - Level 2.3(4.3) Polearms
 + Level 5.6 Ranged Weapons
 * Level 11.0 Throwing
 + Level 12.5 Armour
 * Level 8.4 Dodging
 - Level 3.0 Stealth
 + Level 11.7 Evocations


You had 15 spell levels left.
You didn't know any spells.
Your spell library contained the following spells:

 Spells                   Type           Power      Damage    Failure   Level
 Apportation              Tloc           0%         N/A       69%         1
 Necrotise                Necr           0%         1d4       69%         1
 Sandblast                Erth           0%         2d4       69%         1
 Shock                    Conj/Air       0%         1d3       69%         1
 Slow                     Hex            0%         N/A       69%         1
 Summon Small Mammal      Summ           0%         N/A       69%         1
 Blink                    Tloc           0%         N/A       83%         2
 Cigotuvi's Dreadful Rot  Necr/Pois/Air  0%         N/A       83%         2
 Passwall                 Tmut/Erth      0%         N/A       83%         2
 Poisonous Vapours        Pois/Air       0%         N/A       83%         2
 Confusing Touch          Hex            0%         N/A       96%         3
 Hailstorm                Conj/Ice       0%         3d3       96%         3
 Ignite Poison            Fire/Tmut/Pois 0%         N/A       96%         3
 Kindle Blastsparks       Fire/Tloc/Air  0%         2d10      96%         3
 Mephitic Cloud           Conj/Pois/Air  0%         N/A       96%         3
 Stone Arrow              Conj/Erth      0%         3d7       96%         3
 Swiftness                Air            0%         N/A       96%         3
 Vampiric Draining        Necr           0%         2d6       96%         3
 Airstrike                Air            0%         2d(0-16)  100%        4
 Anguish                  Hex/Necr       0%         N/A       100%        4
 Animate Armour           Summ/Erth      0%         N/A       100%        4
 Ice Form                 Ice/Tmut       0%         N/A       100%        4
 Leda's Liquefaction      Hex/Erth       0%         N/A       100%        4
 Manifold Assault         Tloc           0%         N/A       100%        4
 Blade Hands              Tmut           0%         N/A       100%        5
 Freezing Cloud           Conj/Ice/Air   0%         6-21      100%        5
 Irradiate                Conj/Tmut      0%         3d11      100%        5
 Lee's Rapid Deconstruct  Erth           0%         3d4*      100%        5
 Iron Shot                Conj/Erth      0%         9d1       100%        6
 Statue Form              Tmut/Erth      0%         N/A       100%        6
 Dragon Form              Tmut           0%         N/A       100%        7
 Enfeeble                 Hex            0%         N/A       100%        7
 Malign Gateway           Summ/Tloc      0%         N/A       100%        7
 Storm Form               Tmut/Air       0%         N/A       100%        7
 Borgnjor's Revivificati  Necr           0%         N/A       100%        8
 Necromutation            Tmut/Necr      0%         N/A       100%        8
 Summon Horrible Things   Summ           0%         N/A       100%        8
 Death's Door             Necr           0%         N/A       100%        9
 Simulacrum               Ice/Necr       Unusable   N/A       N/A         6

Dungeon Overview and Level Annotations

Branches:
Dungeon (15/15)            Temple (0/1) D:7            Lair (5/5) D:10
  Swamp (3/4) Lair:3       Spider (0/4) Lair:3        Slime (0/5) Lair:5
    Orc (2/2) D:10            Elf (0/3) Orc:2        Vaults (0/5) D:14
 Depths (0/4) D:15

Altars:
Fedhas
Gozag
Hepliaklqana
Kikubaaqudgha
Makhleb
Nemelex Xobeh
Qazlal
Trog
Vehumet
Xom
Zin
Beogh

Shops:
D:5 (   D:8 *   Orc:2 ([([   Lair:1 *   Lair:3 =   Lair:5 =

Annotations:
D:4 2 runed translucent doors
D:6 exclusion: oklob plant
D:7 1 runed translucent door, Crazy Yiuf
Lair:2 exclusion: oklob plant
Orc:2 2 runed translucent doors, pdpol's ghost, journeyman NaFE


Innate Abilities, Weirdness & Mutations

Your body sometimes deteriorates upon taking damage.
Your flesh is heat resistant. (rF+)
Potions are less effective at restoring your health.


Message History

You are more poisoned.
You feel yourself slow down.
You are too injured to fight recklessly!
* * * LOW HITPOINT WARNING * * *
You feel extremely sick. The death drake breathes miasma at you.
The foul vapour engulfs you.
You are lethally poisoned!
* * * LOW HITPOINT WARNING * * *
The death drake breathes miasma at you. The foul vapour misses you.
Okay, then.
Blink to where?
Press: ? - help, Dir - move target, p - death drake Splash!
You fall into the shallow water.
Moving in this stuff is going to be slow.
As you read the scroll of blinking, it crumbles to dust.
* * * LOW HITPOINT WARNING * * *
You feel extremely sick. The death drake breathes miasma at you.
Your system partially rejects the healing.
You feel better.
As you read the scroll of teleportation, it crumbles to dust.
You feel strangely unstable. The death drake breathes miasma at you.
The foul vapour engulfs you but does no damage.
As you read the scroll of fear, it crumbles to dust.
You assume a fearsome visage.
The death drake looks frightened!
You are engulfed in dark miasma.
You are lethally poisoned!
* * * LOW HITPOINT WARNING * * *
x2 You feel extremely sick.
Okay, then.
You are engulfed in dark miasma.
You are more poisoned.
You feel as though you will be slow longer.
* * * LOW HITPOINT WARNING * * *
You die...
Your body crumbles into a pile of gold.

♣♣§~§~§.~~.~♣ ~~~
♣~.~§~~.~~~♣♣ ~~~~ ♣♣♣
♣~~~~~~.~~~~♣ ~~~~~
♣♣~)♣♣♣...~~~....~♣♣~...~
♣.~~.♣~~~~~~~...♣♣♣.....~
.~~§~♣.~~~~~~..k.♣§.~§...
.~§~§..~~~~~.~...~♣
.~~~~.§~~~~~○~♣♣♣♣♣
..~~~.~~~@~.~♣♣
~.♣♣♣.~~~..~~♣ ♣♣~<~♣...♣
♣♣♣..♣♣♣♣♣ ♣♣♣♣♣~.~~.♣
♣♣~~♣..~~~.♣ ♣.....~§~~♣♣
♣~.~..)♣♣♣♣ ♣~~~~~~♣


You could see a death drake (fleeing).

Vanquished Creatures
  Jorgrun (Orc:1)
  Kirke (D:14)
  A thorn hunter (Swamp:2)
  A stone giant (D:15)
  2 eleionomae
  3 bunyips
  Josephine (D:14)
  A fire dragon (Lair:5)
  Fannar (Orc:1)
  5 hydras
  A vault guard (D:14)
  4 ogre magi
  Erolcha (Orc:1)
  3 catoblepae
  2 ghost crabs (Swamp:2)
  5 centaur warriors
  5 boulder beetles
  11 two-headed ogres
  3 alligators
  10 death yaks
  A tengu warrior (D:14)
  An orc high priest (Orc:2)
  A death drake (Swamp:2)
  A fire crab (shapeshifter) (D:13)
  2 swamp dragons (Swamp:1)
  3 goliath frogs
  2 spriggan druids (Swamp:1)
  An orc knight (Orc:2)
  A necromancer (D:14)
  2 wizards (D:14)
  2 deep elf pyromancers (D:15)
  18 ugly things
  2 lindwurms (Lair:5)
  A wolf spider (Lair:5)
  7 cyclopes
  5 orc sorcerers
  A will-o-the-wisp (Swamp:1)
  9 elephants
  2 manticores
  8 black mambas
  5 torpor snails (Lair:5)
  A guardian serpent (Lair:5)
  A molten gargoyle (D:11)
  16 cane toads
  3 gargoyles
  5 unseen horrors
  3 rime drakes
  3 tengu conjurers (D:14)
  2 freezing wraiths (D:14)
  2 efreet (D:15)
  9 komodo dragons
  2 ice devils (Orc:2)
  3 trolls
  3 polar bears
  11 hornets
  7 tyrant leeches
  3 blink frogs (Lair:4)
  5 dream sheep (Lair:4)
  10 spriggans
  3 slime creatures (D:14)
  17 wyverns
  6 wraiths
  A shadow (D:10)
  5 basilisks
  A water elemental (D:15)
  32 yaks
  A hog (D:14)
  19 humans (D:14)
  16 vampire mosquitoes
  4 redbacks (Lair:5)
  4 steam dragons
  Menkaure (D:5)
  8 swamp worms
  15 water moccasins
  5 wargs
  3 acid dragons (D:12)
  3 ice beasts
  5 black bears
  A sky beast (D:7)
  20 orc warriors
  4 boggarts
  8 centaurs
  25 ogres
  9 wolves (Lair:3)
  2 phantoms
  11 bullfrogs
  3 kobold brigands
  3 necrophages
  A gnoll sergeant (D:9)
  5 scorpions
  3 wights (D:8)
  6 killer bees (D:9)
  An electric eel (D:15)
  2 howler monkeys
  10 hounds
  14 orc priests
  7 iguanas
  19 orc wizards
  5 hell rats (Lair:5)
  5 gnolls (D:9)
  2 adders (D:4)
  A shadow imp (D:6)
  A white imp (D:6)
  2 worms
  2 dart slugs
  72 orcs
  4 ball pythons
  4 bats
  4 endoplasms
  4 giant cockroaches
  7 goblins
  4 hobgoblins
  A jackal (D:3)
  20 kobolds
  A quokka (D:3)
  3 frilled lizards
  2 rats (D:3)
  2 briar patches (Swamp:2)
675 creatures vanquished.

Vanquished Creatures (collateral kills)
  A hydra (Swamp:1)
  3 two-headed ogres
  A vampire (D:13)
  3 yaks
  A swamp worm (Swamp:1)
  2 wargs (Orc:2)
  An orc warrior (Orc:2)
  3 ogres (Orc:2)
  A scorpion (D:10)
  An orc priest (Orc:2)
  An orc wizard (Orc:2)
  3 orcs (Orc:2)
  4 kobolds (D:10)
25 creatures vanquished.

Vanquished Creatures (others)
  A goliath frog (Swamp:2)
  2 humans (D:14)
  An orc (Orc:1)
  A bush (D:5)
  81 fungi
  114 plants
200 creatures vanquished.

Grand Total: 900 creatures vanquished

Notes
Turn   | Place    | Note
-------+----------+-------------------------------------------
     0 | D:1      | tkbsonic5 the Hill Orc Monk began the quest for the Orb.
     0 | D:1      | Reached XP level 1. HP: 19/19 MP: 1/1
   116 | D:1      | Reached XP level 2. HP: 22/27 MP: 2/2
   234 | D:1      | Reached skill level 1 in Throwing
   797 | D:2      | Reached XP level 3. HP: 33/33 MP: 3/3
   805 | D:2      | Reached skill level 1 in Armour
  1264 | D:3      | Found a hazy altar of Hepliaklqana.
  1325 | D:3      | Found a sparkling altar of Nemelex Xobeh.
  1333 | D:3      | Reached skill level 4 in Fighting
  1388 | D:3      | Found a faded altar of an unknown god.
  1462 | D:3      | Reached skill level 5 in Axes
  1462 | D:3      | Reached XP level 4. HP: 40/40 MP: 4/4
  1512 | D:3      | Noticed a scorpion
  1517 | D:3      | Killed a scorpion
  1518 | D:3      | Reached XP level 5. HP: 47/47 MP: 5/5
  1544 | D:3      | Found an opulent altar of Gozag.
  1639 | D:3      | Became a worshipper of Gozag Ym Sagoz the Greedy
  1865 | D:3      | Reached XP level 6. HP: 53/53 MP: 6/6
  2020 | D:4      | Reached skill level 1 in Evocations
  2118 | D:4      | Found a large runed translucent door.
  2245 | D:4      | Found a large runed translucent door.
  2247 | D:4      | Found a shimmering altar of Xom.
  2483 | D:4      | Reached skill level 1 in Short Blades
  2794 | D:5      | Entered Level 5 of the Dungeon
  2959 | D:5      | Reached XP level 7. HP: 31/60 MP: 7/7
  3149 | D:5      | Found the +6 shillelagh "Devastator" {shatter}
  3416 | D:5      | Reached skill level 5 in Fighting
  3756 | D:5      | Gained mutation: Your body sometimes deteriorates upon
                  | taking damage. [potion of mutation]
  3756 | D:5      | Gained mutation: Your flesh is heat resistant. (rF+)
                  | [potion of mutation]
  3904 | D:5      | Identified a scroll of acquirement
  3904 | D:5      | Acquired 921 gold pieces
  3922 | D:5      | Reached skill level 1 in Polearms
  3977 | D:5      | Reached XP level 8. HP: 45/69 MP: 8/8
  4277 | D:5      | Noticed Menkaure
  4286 | D:5      | Killed Menkaure
  4430 | D:5      | Reached skill level 6 in Fighting
  4435 | D:5      | Bought a glowing war axe for 136 gold pieces
  4435 | D:5      | Bought a polished morningstar for 189 gold pieces
  4435 | D:5      | Identified the +1 morningstar of Incongruity {freeze, rF+
                  | rC+ Str-3 Stlth+} (You bought it in a shop on level 5 of
                  | the Dungeon)
  4435 | D:5      | Bought a brightly glowing dire flail for 189 gold pieces
  4435 | D:5      | Identified the +7 dire flail of Invincibility {heavy,
                  | Dex+4} (You bought it in a shop on level 5 of the Dungeon)
  4564 | D:6      | Found a blossoming altar of Fedhas.
  4576 | D:6      | Noticed an oklob plant
  4637 | D:6      | Reached skill level 1 in Maces & Flails
  5060 | D:6      | Reached XP level 9. HP: 78/78 MP: 9/9
  5355 | D:5      | Bought a glowing war axe for 136 gold pieces
  5651 | D:7      | Found a runed translucent door.
  5652 | D:7      | Noticed Crazy Yiuf
  5721 | D:7      | Found a staircase to the Ecumenical Temple.
  5806 | D:7      | Reached skill level 5 in Armour
  6004 | D:7      | Found a radiant altar of Vehumet.
  6148 | D:7      | Found an ancient bone altar of Kikubaaqudgha.
  6150 | D:7      | Found a bloodstained altar of Trog.
  6414 | D:8      | Found a stormy altar of Qazlal.
  6425 | D:8      | Reached skill level 7 in Fighting
  6425 | D:8      | Reached skill level 5 in Throwing
  6604 | D:8      | Found Nescho's General Store.
  6607 | D:8      | Bought a scroll of teleportation for 42 gold pieces
  6607 | D:8      | Bought a scroll of identify for 28 gold pieces
  6607 | D:8      | Bought a scroll of identify for 28 gold pieces
  6607 | D:8      | Bought a scroll of identify for 28 gold pieces
  7346 | D:9      | Reached skill level 5 in Evocations
  7346 | D:9      | Reached XP level 10. HP: 49/88 MP: 10/10
  7759 | D:9      | Reached skill level 8 in Fighting
  8001 | D:9      | Reached skill level 5 in Maces & Flails
  8270 | D:9      | Noticed a two-headed ogre
  8276 | D:9      | Killed a two-headed ogre
  8565 | D:10     | Entered Level 10 of the Dungeon
  8591 | D:10     | Killed an unseen horror
  8746 | D:10     | Found a glowing silver altar of Zin.
  8746 | D:10     | Found a burning altar of Makhleb.
  8747 | D:10     | Noticed an Executioner
  8747 | D:10     | Noticed an angel
  8878 | D:10     | Found a staircase to the Orcish Mines.
  8889 | D:10     | Reached skill level 9 in Fighting
  9089 | D:10     | Reached XP level 11. HP: 68/97 MP: 11/11
  9563 | D:10     | Found a staircase to the Lair.
  9717 | D:10     | Noticed a two-headed ogre
  9725 | D:10     | Killed a two-headed ogre
  9726 | D:10     | Reached skill level 10 in Fighting
 10170 | D:11     | Noticed a cyclops
 10175 | D:11     | Killed a cyclops
 10278 | D:11     | Noticed a boulder beetle
 10292 | D:11     | Killed a boulder beetle
 10293 | D:11     | Reached skill level 5 in Dodging
 10368 | D:11     | Noticed a manticore
 10380 | D:11     | Killed a manticore
 10497 | D:11     | Noticed a two-headed ogre
 10511 | D:11     | Killed a two-headed ogre
 11243 | Lair:1   | Entered Level 1 of the Lair of Beasts
 11287 | Lair:1   | Bought a scroll of poison for 52 gold pieces
 11287 | Lair:1   | Bought a scroll of identify for 26 gold pieces
 11287 | Lair:1   | Bought a piece from Xom's chessboard (15/15) for 260 gold
                  | pieces
 11287 | Lair:1   | Bought a scroll of blinking for 97 gold pieces
 11414 | Lair:1   | Reached XP level 12. HP: 108/108 MP: 12/12
 11414 | Lair:1   | Noticed a catoblepas
 11429 | Lair:1   | Killed a catoblepas
 11430 | Lair:1   | Reached skill level 11 in Fighting
 12882 | Lair:2   | Noticed a death yak
 12882 | Lair:2   | Noticed a death yak
 12884 | Lair:2   | Noticed a death yak
 12887 | Lair:2   | Noticed a death yak
 12898 | Lair:2   | Killed a death yak
 12906 | Lair:2   | Killed a death yak
 12908 | Lair:2   | Killed a death yak
 12909 | Lair:2   | Reached skill level 12 in Fighting
 12914 | Lair:2   | Killed a death yak
 13070 | Lair:2   | Reached skill level 10 in Maces & Flails
 13467 | Lair:2   | Reached XP level 13. HP: 100/119 MP: 13/13
 13767 | Lair:3   | Found a staircase to the Swamp.
 14339 | Lair:3   | Found a hole to the Spider Nest.
 14363 | Lair:3   | Reached skill level 13 in Fighting
 15659 | Lair:4   | Identified the +2 halberd of Annoyance {flame, Int+5 Dex+4}
 16229 | Lair:5   | Entered Level 5 of the Lair of Beasts
 16451 | Lair:5   | Found a staircase to the Slime Pits.
 16488 | Lair:5   | Reached skill level 1 in Ranged Weapons
 16616 | Lair:5   | Reached XP level 14. HP: 106/130 MP: 14/14
 17025 | Lair:5   | Reached skill level 14 in Fighting
 17149 | Lair:5   | Reached skill level 10 in Armour
 17412 | Lair:5   | Bought a +4 ring of protection for 504 gold pieces
 17952 | Lair:5   | Found a runed translucent door.
 19572 | D:12     | Reached skill level 10 in Evocations
 20695 | D:14     | Reached XP level 15. HP: 133/139 MP: 15/15
 20741 | D:14     | Noticed Kirke
 20748 | D:14     | Killed Kirke
 20958 | D:14     | Noticed Josephine
 20963 | D:14     | Killed Josephine
 21025 | D:14     | Reached skill level 15 in Fighting
 21502 | D:14     | Found a gate to the Vaults.
 21954 | D:15     | Entered Level 15 of the Dungeon
 22485 | D:14     | Reached skill level 10 in Throwing
 22763 | D:15     | Found a staircase to the Depths.
 23590 | Orc:1    | Entered Level 1 of the Orcish Mines
 23590 | Orc:1    | Noticed Fannar
 23600 | Orc:1    | Killed Fannar
 23607 | Orc:1    | Paralysed by an orc sorcerer for 2 turns
 23612 | Orc:1    | Gained mutation: Potions are less effective at restoring
                  | your health. [a neqoxec]
 23628 | Orc:1    | Noticed Erolcha
 23634 | Orc:1    | Killed Erolcha
 23710 | Orc:1    | Found a bloodstained altar of Trog.
 23818 | Orc:1    | Noticed Jorgrun
 23831 | Orc:1    | Killed Jorgrun
 24041 | Orc:1    | Found a roughly hewn altar of Beogh.
 24059 | Orc:1    | Reached XP level 16. HP: 149/149 MP: 16/16
 24232 | Orc:2    | Entered Level 2 of the Orcish Mines
 25067 | Orc:2    | Found a staircase to the Elven Halls.
 25152 | Orc:2    | Found Oczit's Armour Emporium.
 25152 | Orc:2    | Found Tuaharuo's Weapon Boutique.
 25153 | Orc:2    | Found Larphaiw's Antique Armour Boutique.
 25153 | Orc:2    | Found Niaz's Antique Weapon Shoppe.
 25185 | Orc:2    | Found a large runed translucent door.
 25186 | Orc:2    | Found a large runed translucent door.
 25229 | Orc:2    | Reached skill level 5 in Ranged Weapons
 25481 | Orc:2    | Found a roughly hewn altar of Beogh.
 25712 | Orc:2    | Noticed pdpol's ghost (journeyman NaFE)
 25913 | Swamp:1  | Entered Level 1 of the Swamp
 25928 | Swamp:1  | Reached skill level 16 in Fighting
 26670 | Swamp:1  | Identified the +5 scale mail of the Sun {rCorr Dex+3
                  | Stlth-}
 27185 | Swamp:2  | Noticed a thorn hunter
 27200 | Swamp:2  | Killed a thorn hunter
 28869 | Swamp:3  | Succumbed to a death drake's dark miasma

Illustrated notes

Levels and vault maps discovered:
D:1:      spicycebolla_arrival_xxxplode, layout_loops_ring
D:2:      layout_basic, bh_walls_and_bars
D:3:      minmay_spotlight, layout_rooms, nicolae_gozag_seed_capital,
          mainiacjoe_overflow_chevrons, general_overflow_altar,
          shapermc_ecumenical_altar_mp_urbaneastern, st_stairs_2
D:4:      due_chaos_kobolds, layout_loops_ring
D:5:      layout_basic, eino_curves_02, minmay_tree_intersection,
          kb_lookout_dungeons_type, dilly_guarded_unrand_devastator,
          uniq_menkaure
D:6:      layout_layer_cave, tgw_fedhas
D:7:      layout_basic, mainiacjoe_overflow_small_starburst,
          chequers_temple_overflow_statue_of_worship, minmay_temple_entry_tees,
          grunt_decor_one_mirror, uniq_crazy_yiuf_cottage
D:8:      layout_loops_ring, lemuel_tele_altar, serial_shops, kennysheep_mini
D:9:      layout_loops_ring
D:10:     layout_loops_corners, grunt_temple_overflow_order_and_chaos_2,
          due_lair_maze_entry_diamond, erik_orc_4, enter_bailey_4
D:11:     layout_basic, kennysheep_doodads
D:12:     layout_stronghold, serial_column_ruins, column_ruins_square_huge,
          column_ruins_hut, column_ruins_columns_dead_end,
          column_ruins_open_medium, column_ruins_grid_4,
          column_ruins_columns_straight, column_ruins_columns_dead_end,
          column_ruins_open_small
D:13:     layout_roguey
D:14:     layout_loops_ring, grunt_vaults_entry_tiered, uniq_josephine,
          uniq_kirke
D:15:     grunt_enter_depths_giant_problem, layout_cave_pools, water_maze_lemuel
Lair:1:   kb_forest_paths, layout_chaotic_city, nicolae_quartered_pool_impasse
Lair:2:   layout_gridlike
Lair:3:   layout_cave_pods, swamp_mist, dummy_spider_entry, grunt_megastairs_5,
          infiniplex_staircase_pool_2
Lair:4:   layout_gridlike, grunt_forest_small_clearing_treed
Lair:5:   hangedman_lair_tendril_chambers, layout_regular_city, wormcave,
          slime_entry_1
Swamp:1:  layout_basic_swamp, evilmike_swamp_ruin_house_3
Swamp:2:  layout_basic_swamp, evilmike_swamp_ruin_house_1, swamp_pool3
Swamp:3:  layout_basic_swamp, nicolae_swamp_treefoil
Orc:1:    layout_diamond_mine, basic_altar, trog_butcher_becter, uniq_jorgrun,
          uniq_erolcha, uniq_fannar
Orc:2:    st_orc_ogre_mass, layout_caves, portal_ice_cave_demonic_guard,
          ebering_ghost_disaster_area, basic_altar

Skill      XL: |  1  2  3  4  5  6  7  8  9 10 11 12 13 14 15 16 |
---------------+-------------------------------------------------+-----
Throwing       | 1 2 3 4 5 6 7 8 9 10 11 | 11.0
Armour         | 1 2 3 4 6 7 8 9 10 11 12 | 12.5
Fighting       | 4 5 6 7 9 10 12 13 14 15 16 | 16.2
Axes           | 5 6 |  6.8
Evocations     | 2 3 5 6 7 9 10 11 | 11.7
Short Blades   | 1 2 |  2.0
Polearms       | 1 2 |  2.3
Maces & Flails | 2 4 6 8 10 11 12 13 14 | 14.2
Dodging        | 3 4 5 6 7 8 |  8.4
Ranged Weapons | 1 2 4 5 |  5.6
Stealth        | 3 |  3.0

Action                   |  1- 3 |  4- 6 |  7- 9 | 10-12 | 13-15 | 16-18 || total
-------------------------+-------+-------+-------+-------+-------+-------++-------
Melee: Hand axe          |    20 |       |    18 |       |       |       ||    38
       Dagger            |    50 |    80 |    19 |       |       |       ||   149
       Punch             |       |     1 |     2 |       |       |     1 ||     4
       Trident           |       |       |    81 |       |       |       ||    81
       War axe           |       |       |    14 |       |       |   111 ||   125
       Dire flail        |       |       |    97 |   326 |   759 |   279 ||  1461
       Flail             |       |       |     7 |       |       |       ||     7
 Fire: Sling             |       |       |       |     2 |     1 |    14 ||    17
Throw: Dart              |     3 |     8 |    43 |   145 |   178 |    21 ||   398
       Boomerang         |       |     3 |    43 |       |       |       ||    46
       Javelin           |       |       |       |       |       |    12 ||    12
Invok: Call Merchant     |       |       |     1 |     1 |     1 |     1 ||     4
       Potion Petition   |       |       |       |     2 |     1 |     9 ||    12
Evoke: Wand              |     4 |    18 |       |    13 |    79 |     1 ||   115
       Box of beasts     |       |       |       |     2 |     4 |     2 ||     8
       Piece from Xom's  |       |       |       |     7 |    21 |       ||    28
       Lightning rod     |       |       |       |       |     4 |       ||     4
  Use: Potion            |       |     6 |    10 |     3 |     6 |    12 ||    37
       Scroll            |       |     3 |    13 |     9 |    14 |    13 ||    52
 Stab: Distracted        |       |     1 |     2 |     7 |     6 |     2 ||    18
       Invisible         |       |       |     4 |     1 |     2 |     1 ||     8
       Confused          |       |       |       |     2 |       |       ||     2
       Petrified         |       |       |       |       |     5 |       ||     5
       Paralysed         |       |       |       |       |    16 |       ||    16
       Petrifying        |       |       |       |       |     1 |       ||     1
Armor: Chain mail        |    27 |    41 |    24 |       |       |       ||    92
       Pearl dragon scal |       |       |   131 |   242 |   361 |   294 ||  1028
       Skin              |       |       |     5 |       |    39 |       ||    44
Dodge: Dodged            |    26 |    17 |   121 |   234 |   406 |   300 ||  1104
Block: Other             |       |       |       |    38 |   162 |   105 ||   305
       Reflection        |       |       |       |     1 |     7 |     4 ||    12

Table legend: (Time is in decaauts)
 A = Elapsed time spent in this place.
 B = Non-inter-level travel time spent in this place.
 C = Inter-level travel time spent in this place.
 D = Time resting spent in this place.
 E = Time spent auto-exploring this place.
 F = Levels seen in this place.
 G = Mean time per level.
                   A        B        C        D        E       F      G
               +--------+--------+--------+--------+--------+-----+--------+
         Total |  29041 |  27297 |   1744 |   1618 |  20812 |  25 | 1161.6 |
       Dungeon |  16470 |  15126 |   1344 |    373 |  11912 |  15 | 1098.0 |
          Lair |   7263 |   6938 |    325 |     31 |   5777 |   5 | 1452.6 |
         Swamp |   3100 |   3052 |     48 |    937 |   1613 |   3 | 1033.3 |
  Orcish Mines |   2206 |   2180 |     26 |    276 |   1509 |   2 | 1103.0 |
               +--------+--------+--------+--------+--------+-----+--------+

Top non-repeatable levels by time:
  Lair:5: 2216 daAuts
    D:10: 1828 daAuts
    D:14: 1731 daAuts
 Swamp:2: 1707 daAuts
     D:5: 1657 daAuts
     D:9: 1602 daAuts
  Lair:3: 1398 daAuts
  Lair:1: 1358 daAuts
  Lair:2: 1343 daAuts
 Swamp:1: 1171 daAuts
   Orc:1: 1110 daAuts
    D:11: 1110 daAuts
   Orc:2: 1095 daAuts
     D:4: 1064 daAuts
     D:7: 979 daAuts
